 Dungeon Crawl Stone Soup version 0.19.0-16-g73b5abf (webtiles) character file.

32 theRoog the Skirmisher (level 3, -1/33 HPs)
             Began as a Minotaur Berserker on Nov 10, 2016.
             Was a Believer of Trog.
             Slain by an orc wizard
             ... wielding a +0 dagger
              (2 damage)
             ... on level 3 of the Dungeon.
             The game lasted 00:02:27 (1839 turns).

theRoog the Skirmisher (Minotaur Berserker)         Turns: 1839, Time: 00:02:27

Health: -1/33      AC:  5    Str: 22    XL:     3   Next: 8%
Magic:  2/2        EV: 11    Int:  4    God:    Trog [**....]
Gold:   81         SH:  0    Dex:  9    Spells: 0 memorised, 2 levels left

rFire  . . .     SeeInvis .     o - -2 short sword (curse)
rCold  . . .     Gourm    .     s - +0 ring mail
rNeg   . . .     Faith    .     (no shield)
rPois  .         Spirit   .     (helmet restricted)
rElec  .         Reflect  .     (no cloak)
rCorr  .         Harm     .     (no gloves)
MR     .....                    (no boots)
Stlth  +.........               (no amulet)
                                (no ring)
                                (no ring)

@: no status effects
A: retaliatory headbutt, horns 2
a: Berserk, Trog's Hand, Burn Spellbooks, Renounce Religion


You were on level 3 of the Dungeon.
You worshipped Trog.
Trog was pleased with you.
You were not hungry.

You visited 1 branch of the dungeon, and saw 3 of its levels.

You collected 81 gold pieces.

Inventory:

Hand Weapons
 a - a +0 spear
 o - a cursed -2 short sword (weapon)
Armour
 b - a +0 animal skin
 m - a +0 leather armour
 s - a +0 ring mail (worn)
Scrolls
 e - a scroll of amnesia
 f - 2 scrolls of recharging
 h - a scroll of blinking {unknown}
 j - a scroll of teleportation
 p - a scroll of enchant armour {unknown}
 r - a scroll of random uselessness {unknown}
 v - a scroll of fog {unknown}
Potions
 d - a potion of beneficial mutation {unknown}
 g - a potion of degeneration {unknown}
 k - a potion of agility {unknown}
 n - a potion of experience {unknown}
 q - a potion of cancellation {unknown}
 t - a potion of brilliance {unknown}
 u - a potion of haste {unknown}
Comestibles
 c - a bread ration
 i - 2 slices of pizza
 l - a meat ration


   Skills:
 + Level 4.2 Fighting
 + Level 4.2 Polearms
 + Level 2.7 Armour
 + Level 2.2 Dodging
 + Level 0.6 Stealth


You had 2 spell levels left.
You didn't know any spells.

Dungeon Overview and Level Annotations

Branches:
Dungeon (3/15)

Altars:


Innate Abilities, Weirdness & Mutations

You reflexively headbutt those who attack you in melee.
You have a pair of horns on your head.


Message History

You are too injured to fight recklessly!
You are too injured to fight recklessly!
You are too injured to fight recklessly!
You are too injured to fight recklessly!
You are too injured to fight recklessly!
You are too injured to fight recklessly!
You are too injured to fight recklessly!
You are too injured to fight recklessly!
You are too injured to fight recklessly!
You hit the orc priest. Your headbutt misses the orc priest.
The orc priest is lightly wounded.
The orc wizard hits you but does no damage.
The orc wizard closely misses you. x2; You furiously retaliate!
You headbutt the orc wizard! The orc priest closely misses you.
You hit the orc priest.
The orc priest is moderately wounded.
The orc priest hits you.
* * * LOW HITPOINT WARNING * * *
The orc wizard hits you with a dagger.
You die...

#...#
###...###
#.......#
.......
...$$ #..>#
#.oo###
#.@o..#
#...oo..#
.....(###..#
...... ....
..... ..##
####. .... #
.%.# ...#


You could see 2 orc priests and 3 orc wizards.

Vanquished Creatures
  A worm (D:2)
  2 dart slugs (D:1)
  A leopard gecko (D:2)
  4 giant cockroaches
  2 hobgoblins (D:1)
  4 bats
  A frilled lizard (D:1)
  4 kobolds
  6 rats
25 creatures vanquished.

Notes
Turn   | Place    | Note
-------+----------+-------------------------------------------
     0 | D:1      | theRoog the Minotaur Berserker began the quest for the Orb.
     0 | D:1      | Reached XP level 1. HP: 19/19 MP: 0/0
   205 | D:1      | Reached XP level 2. HP: 24/27 MP: 1/1
  1720 | D:2      | Reached ** piety under Trog
  1720 | D:2      | Reached XP level 3. HP: 33/33 MP: 2/2
  1839 | D:3      | HP: 1/33 [orc priest (5)]
  1839 | D:3      | Slain by an orc wizard

Skill      XL: |  1  2 |
---------------+-------+-----
Fighting       | 4 |  4.2
Polearms       | 4 |  4.2
Armour         | |  2.7
Dodging        | |  2.2
Stealth        | |  0.6

Action                   || total
-------------------------++-------
Melee: Spear             ||    48
       Headbutt          ||     8
       Short sword       ||    26
  Use: Scroll            ||     3
 Stab: Sleeping          ||     2
  Eat: Bread ration      ||     1
Armor: Ring mail         ||     9
       Animal skin       ||     3
       Leather armour    ||     1
Dodge: Dodged            ||    33
